 Dungeon Crawl Stone Soup version 0.27-a0-637-g3a9f0a9c12 (webtiles) character file.

Game seed: 10581494920208036536

2958 MalarOregon the Sneak (level 10, -7/65 HPs)
             Began as a Halfling Enchanter on Mar 15, 2021.
             Was a Believer of Makhleb.
             Mangled by a two-headed ogre
             ... wielding a +0 giant club
              (14 damage)
             ... on level 7 of the Dungeon.
             The game lasted 00:36:39 (13418 turns).

MalarOregon the Sneak (Halfling Enchanter)         Turns: 13418, Time: 00:36:40

Health: -7/65      AC:  7    Str:  9    XL:     10   Next: 8%
Magic:  6/14       EV: 17    Int: 16    God:    Makhleb [**....]
Gold:   510        SH:  0    Dex: 16    Spells: 7/15 levels left

rFire    + . .     SeeInvis .   b - +0 dagger (venom)
rCold    . . .     Faith    .   (shield restricted)
rNeg     . . .     Spirit   .   l - +2 robe {Will+}
rPois    .         Reflect  .   g - +2 helmet
rElec    .         Harm     .   (no cloak)
rCorr    .         Rampage  .   (no gloves)
Will     ++...                  (no boots)
Stlth    ++++......             (no amulet)
HPRegen  0.20/turn              m - ring of willpower
MPRegen  0.14/turn              i - ring of protection from fire

@: no status effects
A: small, no large weapons, mutation resistance 1
a: Renounce Religion, Minor Destruction


You were on level 7 of the Dungeon.
You worshipped Makhleb.
Makhleb was pleased with you.
You visited 2 branches of the dungeon, and saw 9 of its levels.

You collected 510 gold pieces.

Inventory:

Hand Weapons
 a - the +8 long sword of Anxiety {elec, +Rage}
   (You found it on level 6 of the Dungeon)

   Occasionally, upon striking a foe, it can discharge electrical energy and
   cause terrible harm.
   It lets you go berserk.
 b - a +0 dagger of venom (weapon)
   (You took it off an orc on level 4 of the Dungeon)
 D - a +3 dagger
Missiles
 q - 2 throwing nets {!f}
Armour
 g - a +2 helmet (worn)
   (You found it on level 1 of the Dungeon)
 l - a +2 robe of willpower (worn)
   (You took it off Jessica on level 2 of the Dungeon)
Jewellery
 i - a ring of protection from fire (left hand)
   (You found it on level 4 of the Dungeon)
 m - a ring of willpower (right hand)
   (You found it on level 2 of the Dungeon)
 o - a ring of poison resistance
   (You found it on level 8 of the Dungeon)
 C - a ring of protection from fire
   (You found it on level 7 of the Dungeon)
Wands
 t - a wand of flame (20)
   (You found it on level 7 of the Dungeon)
 u - a wand of paralysis (11)
   (You found it on level 8 of the Dungeon)
 x - a wand of acid (5)
   (You found it on level 5 of the Dungeon)
Scrolls
 d - a scroll of fog
 f - 13 scrolls of teleportation {@r4}
 n - 2 scrolls of noise {!r}
 r - 3 scrolls of magic mapping
 y - 2 scrolls of enchant armour
Potions
 c - 10 potions of curing {@q1}
 e - 2 potions of brilliance {unknown}
 j - a potion of cancellation {unknown}
 k - 2 potions of magic
 p - 2 potions of flight
 s - a potion of resistance
 v - 2 potions of might
 w - 2 potions of invisibility
 z - 2 potions of lignification {!q}
 A - a potion of mutation {unknown}


   Skills:
 * Level 4.9 Fighting
 - Level 6.7(7.0) Short Blades
 + Level 2.4(4.3) Long Blades
 * Level 6.3 Dodging
 * Level 7.2 Stealth
 + Level 3.2 Spellcasting
 + Level 4.2 Hexes
 + Level 3.5 Ice Magic


You had 7 spell levels left.
You knew the following spells:

 Your Spells              Type           Power      Damage    Failure   Level
b - Confusing Touch       Hex            16%        N/A       10%         3
d - Tukima's Dance        Hex            16%        N/A       10%         3
x - Ensorcelled Hibernat  Hex/Ice        30%        N/A       5%          2

Your spell library contained the following spells:

 Spells                   Type           Power      Damage    Failure   Level
 Corona                   Hex            17%        N/A       3%          1
 Foxfire                  Conj/Fire      8%         2x1d4     19%         1
 Dazzling Flash           Conj/Hex       18%        N/A       24%         3
 Inner Flame              Hex/Fire       9%         N/A       24%         3
 Conjure Flame            Conj/Fire      2%         6-21      50%         3
 Sticky Flame             Conj/Fire      2%         2d3       88%         4
 Fireball                 Conj/Fire      1%         3d3       99%         5


Dungeon Overview and Level Annotations

Branches:
Dungeon (8/15)             Temple (1/1) D:4
   Lair: D:8-11

Altars:
Ashenzari
Cheibriados
Dithmenos
Elyvilon
Fedhas
Gozag
Hepliaklqana
Kikubaaqudgha
Makhleb
Nemelex Xobeh
Okawaru
Qazlal
Ru
Sif Muna
Trog
Uskayaw
Vehumet
Wu Jian
Xom
Yredelemnul
Zin
The Shining One

Shops:
D:7 ?


Innate Abilities, Weirdness & Mutations

You are small and have problems with some larger weapons.
You are somewhat resistant to further mutation.


Message History

The blast of flame engulfs you. You resist.
* * * LOW HITPOINT WARNING * * *
Unknown command.
Blink to where?
As you read the scroll of blinking, it crumbles to dust.
A harpy comes into view.
The harpy barely misses you. The harpy claws you but does no damage.
The white ugly thing stings you.
* * * LOW HITPOINT WARNING * * *
The white ugly thing freezes you!
* * * LOW HITPOINT WARNING * * *
As you read the scroll of fear, it crumbles to dust.
You assume a fearsome visage.
The troll looks frightened!
The harpy looks frightened!
The white ugly thing looks frightened!
There is a stone staircase leading up here.
You climb upwards.
There is a stone staircase leading down here.
Unknown command.
You start resting.
Okay, then.
There are no items here.
Okay, then.
There is a stone staircase leading down here.
You climb downwards.
There is a stone staircase leading up here.
You miscast Tukima's Dance.
You are very lightly contaminated with residual magic.
Nothing appears to happen.
The two-headed ogre shouts in stereo!
The two-headed ogre barely misses you.
The two-headed ogre hits you with a +0 giant club!
You climb upwards.
There is a stone staircase leading down here.
The +0 dire flail dances into the air!
The two-headed ogre easily resists.
The two-headed ogre wields a +0 giant club.
The two-headed ogre hits you with a +0 giant club!!
* * * LOW HITPOINT WARNING * * *
The two-headed ogre closely misses you.
Your +0 dire flail hits the two-headed ogre.
Your magical contamination has completely faded away.
Here: a +0 dire flail (friendly)
The floor.
You hit the two-headed ogre.
You hit the two-headed ogre but do no damage.
The two-headed ogre is poisoned.
The two-headed ogre hits you with a +0 giant club!
* * * LOW HITPOINT WARNING * * *
The two-headed ogre hits you with a +0 giant club!
You die...

##....## ##......# ###
#.......###.## #............#
##>...........######
##.......#.....#...##
#.[.(..#.#........... #####
##...O..####.......... #.#.#
#....@##.# #.........# ..<.##
#.......####........##
#....########..##.####...........
........#.##...[.....###.##......
..........##....####........)))..
#..............## #..........[..
..............#### ##..#....[....
#................# ##.#..(......
##..............#####............


You could see a two-headed ogre (very poisoned, ally target) and a friendly +0
dire flail.

Vanquished Creatures
  An orc warrior (D:6)
  2 sky beasts
  An ice beast (D:7)
  7 ogres
  5 centaurs
  5 scorpions
  5 killer bees
  A howler monkey (D:5)
  A bullfrog zombie (D:7)
  A jelly (D:6)
  4 orc priests
  2 hounds
  Jessica (D:2)
  9 orc wizards
  3 iguanas
  7 worker ants
  A killer bee zombie (D:8)
  A hound skeleton (D:4)
  A hound zombie (D:8)
  8 gnolls
  7 adders
  2 shadow imps
  3 ufetubi
  An ooze (D:1)
  3 worms
  3 dart slugs
  5 leopard geckos
  29 orcs
  9 giant cockroaches
  4 goblins
  11 hobgoblins
  6 bats
  6 frilled lizards
  9 kobolds
  A leopard gecko skeleton (D:5)
  A leopard gecko zombie (D:7)
  A quokka skeleton (D:7)
  10 rats
177 creatures vanquished.

Notes
Turn   | Place    | Note
-------+----------+-------------------------------------------
     0 | D:1      | MalarOregon the Halfling Enchanter began the quest for the
                  | Orb.
     0 | D:1      | Reached XP level 1. HP: 11/11 MP: 3/3
  1597 | D:1      | Reached XP level 2. HP: 10/17 MP: 4/4
  2319 | D:1      | Learned a level 2 spell: Ensorcelled Hibernation
  2407 | D:2      | Reached XP level 3. HP: 22/22 MP: 5/5
  3394 | D:2      | Reached skill level 1 in Fighting
  3394 | D:2      | Reached XP level 4. HP: 17/28 MP: 3/6
  3524 | D:2      | Learned a level 3 spell: Confusing Touch
  3565 | D:2      | Noticed Jessica
  3591 | D:2      | Killed Jessica
  3592 | D:2      | Reached skill level 4 in Stealth
  3592 | D:2      | Reached XP level 5. HP: 28/33 MP: 4/7
  3804 | D:3      | Found a faded altar of an unknown god.
  4553 | D:3      | Reached skill level 1 in Ice Magic
  4553 | D:3      | Reached XP level 6. HP: 39/39 MP: 2/9
  5334 | D:4      | Found a staircase to the Ecumenical Temple.
  5343 | Temple   | Entered the Ecumenical Temple
  5677 | Temple   | Became a worshipper of Makhleb the Destroyer
  6149 | D:4      | Learned a level 3 spell: Tukima's Dance
  6156 | D:4      | Reached XP level 7. HP: 45/45 MP: 10/10
  7774 | D:4      | Found a staircase to the Ecumenical Temple.
  8322 | D:5      | Entered Level 5 of the Dungeon
  8325 | D:5      | Reached skill level 5 in Stealth
  8485 | D:5      | Found a glowing golden altar of the Shining One.
  8527 | D:5      | Reached XP level 8. HP: 38/51 MP: 6/11
  9562 | D:6      | Identified the +8 long sword of Anxiety {elec, +Rage}
  9609 | D:6      | Reached * piety under Makhleb
 10614 | D:6      | Reached skill level 5 in Short Blades
 10614 | D:6      | Reached skill level 5 in Dodging
 10820 | D:6      | Reached skill level 1 in Long Blades
 10820 | D:6      | Reached skill level 6 in Stealth
 10827 | D:6      | Reached XP level 9. HP: 30/58 MP: 13/13
 11081 | D:7      | Found a blossoming altar of Fedhas.
 11902 | D:7      | Found Pueczeso's Magic Scroll Emporium.
 12406 | D:8      | Found an iron altar of Okawaru.
 12579 | D:8      | Reached ** piety under Makhleb
 12606 | D:8      | Reached skill level 7 in Stealth
 12662 | D:8      | Reached XP level 10. HP: 57/65 MP: 9/14
 12845 | D:8      | Noticed a two-headed ogre
 13034 | D:8      | Noticed a white ugly thing
 13062 | D:8      | Noticed an orb spider
 13062 | D:8      | a blink frog changed into an orb spider
 13084 | D:8      | Noticed a fire crab
 13084 | D:8      | an orb spider changed into a fire crab
 13097 | D:8      | Noticed a harpy
 13418 | D:7      | Mangled by a two-headed ogre

Illustrated notes

Levels and vault maps discovered:
D:1:      minmay_arrival_checkered_box, layout_basic, minmay_tromino_v4_b
D:2:      layout_basic, minmay_unequal, uniq_jessica
D:3:      layout_basic, chequers_ecumenical_altar_island
D:4:      layout_basic, minmay_temple_entry_statues_fountains,
          serial_co_window_serial, co_window_of_opportunity_a,
          co_window_paths_a, co_window_paths_b, co_window_paths_a,
          co_window_paths_a, co_window_corner_ca, co_window_unsneaky_path_b,
          co_window_corner_ca, glass_columns_a, glass_columns_a, glass_columns_a
D:5:      layout_basic, nicolae_tso_carved_into_rock
D:6:      layout_loops_ring
D:7:      layout_cave_pools, serial_shops, shop, fedhas_altar_2
D:8:      layout_cave_pools, basic_altar, minmay_three_doors
Temple:   minmay_crystal_snake_temple

Skill      XL: |  1  2  3  4  5  6  7  8  9 |
---------------+----------------------------+-----
Fighting       | 1 2 3 4 |  4.9
Short Blades   | 2 3 4 5 6 |  6.7
Stealth        | 4 5 6 7 |  7.2
Spellcasting   | 2 3 |  3.2
Dodging        | 3 4 5 6 |  6.3
Hexes          | 3 4 |  4.2
Ice Magic      | 1 2 3 |  3.5
Long Blades    | 1 2 |  2.4

Action                   |  1- 3 |  4- 6 |  7- 9 | 10-12 || total
-------------------------+-------+-------+-------+-------++-------
Melee: Dagger            |   177 |   227 |   316 |    47 ||   767
       Long sword        |       |       |    41 |     1 ||    42
Throw: Stone             |    30 |       |       |       ||    30
 Cast: Corona            |     7 |       |       |       ||     7
       Ensorcelled Hiber |     6 |    24 |    39 |     2 ||    71
       Confusing Touch   |       |     1 |       |       ||     1
       Tukima's Dance    |       |       |       |     2 ||     2
  Use: Scroll            |     1 |     6 |    13 |     3 ||    23
 Stab: Sleeping          |     7 |    19 |    29 |     1 ||    56
       Confused          |       |     1 |       |       ||     1
Armor: Robe              |    42 |    71 |    66 |     3 ||   182
Dodge: Dodged            |   120 |   201 |   289 |    34 ||   644
       Rpst.: Long sword |       |       |    11 |     2 ||    13

Table legend: (Time is in decaauts)
 A = Elapsed time spent in this place.
 B = Non-inter-level travel time spent in this place.
 C = Inter-level travel time spent in this place.
 D = Time resting spent in this place.
 E = Time spent auto-exploring this place.
 F = Levels seen in this place.
 G = Mean time per level.
                   A        B        C        D        E       F      G
               +--------+--------+--------+--------+--------+-----+--------+
         Total |  13292 |  12589 |    703 |   2997 |   6904 |   9 | 1476.9 |
       Dungeon |  12641 |  12153 |    488 |   2814 |   6664 |   8 | 1580.1 |
        Temple |    651 |    436 |    215 |    183 |    240 |   1 |  651.0 |
               +--------+--------+--------+--------+--------+-----+--------+

Top non-repeatable levels by time:
     D:1: 2655 daAuts
     D:4: 2402 daAuts
     D:5: 1519 daAuts
     D:3: 1448 daAuts
     D:7: 1342 daAuts
     D:6: 1305 daAuts
     D:2: 1121 daAuts
     D:8: 846 daAuts
  Temple: 651 daAuts
